 Dungeon Crawl Stone Soup version 0.31-a0-1074-g0b22e4e0f1 (webtiles) character file.

Game seed: 13239711454705219042

252 CraigForest the Cudgeller (level 6, -24/38 HPs)
             Began as a Gargoyle Fighter on Nov 29, 2023.
             Killed from afar by a steam dragon (26 damage)
             ... with a ball of steam
             ... on level 4 of the Dungeon.
             The game lasted 00:08:06 (2424 turns).

CraigForest the Cudgeller (Gargoyle Fighter)        Turns: 2424, Time: 00:08:07

Health: -24/38     AC: 12    Str: 21    XL:     6   Next: 13%
Magic:  6/6        EV:  9    Int:  9    God:
Gold:   173        SH:  4    Dex:  9    Spells: 5/5 levels left

rFire   . . .        a - +0 flail
rCold   . . .        c - +0 buckler
rNeg    + . .        b - +0 scale mail
rPois   ∞            (no helmet)
rElec   +            r - +0 cloak
rCorr   .            (no gloves)
SInv    .            (no boots)
Will    +....        (no amulet) Stlth
                     (no ring)
HPRegen 0.26/turn    (no ring)
MPRegen 0.10/turn

%: no passive effects
@: mighty, enlightened, flying
A: sickness immunity, AC +4, negative energy resistance 1, electricity
resistance, torment resistance 1, petrification resistance
a: no special abilities


You were on level 4 of the Dungeon.
You visited 1 branch of the dungeon, and saw 4 of its levels.

You collected 173 gold pieces.

Inventory:

Hand Weapons
 a - a +0 flail (weapon)
Missiles
 k - 6 javelins (quivered)
Armour
 b - a +0 scale mail (worn)
 c - a +0 buckler (worn)
 i - a +0 ring mail
 r - a +0 cloak (worn)
Jewellery
 u - an amulet of the acrobat
Talismans
 o - a serpent talisman
Scrolls
 e - 3 scrolls of identify {unknown}
 g - a scroll of blinking {unknown}
 h - a scroll of enchant weapon {unknown}
 m - a scroll of vulnerability {unknown}
 n - a scroll of noise {unknown}
 p - a scroll of revelation {unknown}
 s - a scroll of teleportation {unknown}
 t - a scroll of poison {unknown}
 w - a scroll of enchant armour {unknown}
Potions
 f - 2 potions of curing
 j - a potion of haste {unknown}
 l - a potion of ambrosia {unknown}
 q - 2 potions of enlightenment
 v - a potion of resistance {unknown}


   Skills:
 + Level 3.9 Fighting
 + Level 4.5 Maces & Flails
 + Level 4.2 Armour
 + Level 1.0 Dodging
 + Level 0.1 Stealth
 + Level 4.2 Shields


You had 5 spell levels left.
You didn't know any spells.
Your spell library contained the following spells:

 Spells                   Type           Power      Damage    Failure   Level
 Blink                    Tloc           0%         N/A       89%         2
 Lesser Beckoning         Tloc           0%         N/A       89%         2
 Momentum Strike          Conj/Tloc      0%         3d8       89%         2
 Wereblood                Tmut           0%         N/A       89%         2
 Summon Hydra             Summ           0%         N/A       100%        7
 Sublimation of Blood     Necr           Unusable   N/A       N/A         2

Dungeon Overview and Level Annotations

Branches:
Dungeon (4/15)
 Temple: D:4-7

Altars:
Wu Jian


Innate Abilities, Weirdness & Mutations

You are immune to sickness and miasma.
Your stone body is resilient. (AC +4)
You are immune to poison.
You resist negative energy. (rN+)
You are resistant to electric shocks. (rElec)
You are resistant to unholy torment.
You are immune to petrification.


Message History

You now have 173 gold pieces (gained 12).
A steam dragon comes into view.
The steam dragon hisses angrily.
Found 7 gold pieces.
The steam dragon breathes steam at you. The ball of steam hits you!!
Ouch! That really hurt!
You sock the steam dragon!
The steam dragon is lightly wounded.
The steam dragon breathes steam at you. The ball of steam hits you.
* * * LOW HITPOINT WARNING * * *
You block the steam dragon's attack.
The steam dragon claws you but does no damage.
You hear a shout!
You hear an angry hiss.
An adder comes into view.
The steam dragon bites you.
* * * LOW HITPOINT WARNING * * *
The steam dragon claws you.
* * * LOW HITPOINT WARNING * * *
It was a potion of curing.
You feel better. The steam dragon closely misses you.
The steam dragon claws you but does no damage.
It was a potion of enlightenment.
You feel very buoyant.
You fly up into the air.
You are engulfed in a cloud of scalding steam.
You block the steam dragon's attack.
The steam dragon claws you but does no damage.
You feel very mighty all of a sudden. The steam dragon breathes steam at you.
The ball of steam hits you!
* * * LOW HITPOINT WARNING * * *
The steam dragon barely misses you. The steam dragon closely misses you.
You sock the steam dragon!
The steam dragon is heavily wounded.
The steam dragon breathes steam at you. The ball of steam hits you!!
Ouch! That really hurt!
You die...

~.#.........##.####
§.........###....
.#.###..#####......
#.###.............
###
#.................
...#.#>..........
#$#.###.........
#..S§....####...
#..@D....# ...
#..##..### .. .....
#..# ....... #..#
....... #...
#...... ..##.
#.#+### ... .# #.
... .


You could see a steam dragon (catching breath) and an adder.

Vanquished Creatures
  The ghost of javelincjr the Magician, an amateur DECj (D:3)
  A hound (D:4)
  Crazy Yiuf (D:2)
  An adder (D:2)
  A worm (D:3)
  2 dart slugs
  3 endoplasms
  3 giant cockroaches
  7 goblins
  13 hobgoblins
  8 jackals
  4 kobolds
  A quokka (D:1)
  8 ball pythons
  4 bats
  3 frilled lizards
  4 rats
65 creatures vanquished.

Notes
Turn   | Place    | Note
-------+----------+-------------------------------------------
     0 | D:1      | CraigForest the Gargoyle Fighter began the quest for the
                  | Orb.
     0 | D:1      | Reached XP level 1. HP: 14/14 MP: 1/1
    56 | D:1      | Reached XP level 2. HP: 19/19 MP: 2/2
   370 | D:1      | Reached XP level 3. HP: 18/23 MP: 3/3
  1103 | D:2      | Reached XP level 4. HP: 28/28 MP: 4/4
  1345 | D:2      | Found a runed translucent door.
  1346 | D:2      | Noticed Crazy Yiuf
  1693 | D:2      | Killed Crazy Yiuf
  1857 | D:3      | Identified the +0 short sword "Tolousea" {spect, Stlth+}
  1940 | D:3      | Found a faded altar of an unknown god.
  2001 | D:3      | Identified the +4 scale mail of Ignis's Supremacy {Harm
                  | rCorr}
  2125 | D:3      | Found an ornate altar of the Wu Jian Council.
  2245 | D:3      | Found a runed translucent gate.
  2245 | D:3      | Found a runed translucent gate.
  2245 | D:3      | Found a runed translucent gate.
  2246 | D:3      | Noticed javelincjr's ghost (amateur DECj)
  2282 | D:3      | Killed javelincjr's ghost
  2283 | D:3      | Reached skill level 1 in Dodging
  2283 | D:3      | Reached XP level 5. HP: 31/33 MP: 5/5
  2395 | D:4      | Reached XP level 6. HP: 36/38 MP: 6/6
  2415 | D:4      | Noticed a steam dragon
  2424 | D:4      | Killed from afar by a steam dragon

Illustrated notes

Levels and vault maps discovered:
D:1:      eino_arrival_tree_alley, layout_rooms
D:2:      layout_loops_corners, minmay_pentomino_w4, uniq_crazy_yiuf_cottage
D:3:      layout_rooms, nicolae_wu_jian_immortal_techniques,
          ebering_ghost_rock_garden, hellmonk_ecumenical_altar_dog_temple
D:4:      layout_basic, mainiacjoe_overflow_alcove_4, general_overflow_altar,
          grunt_temple_overflow_open, minmay_temple_entry_mist,
          kennysheep_diamond

Skill      XL: |  1  2  3  4 |
---------------+-------------+-----
Maces & Flails | 4 |  4.5
Armour         | 4 |  4.2
Dodging        | 1 |  1.0
Shields        | 4 |  4.2
Fighting       | |  3.9
Stealth        | |  0.1

Action                     |  1- 3 |  4- 6 || total
---------------------------+-------+-------++-------
  Melee: Flail             |   129 |   128 ||   257
    Use: Potion            |       |     3 ||     3
 Armour: Scale mail        |   113 |   118 ||   231
  Dodge: Dodged            |    78 |    86 ||   164
  Block: Buckler           |    34 |    39 ||    73

Table legend: (Time is in decaauts)
 A = Elapsed time spent in this place.
 B = Non-inter-level travel time spent in this place.
 C = Inter-level travel time spent in this place.
 D = Time resting spent in this place.
 E = Time spent auto-exploring this place.
 F = Levels seen in this place.
 G = Mean time per level.
                   A        B        C        D        E       F      G
               +--------+--------+--------+--------+--------+-----+--------+
         Total |   2495 |   2400 |     95 |     24 |   1767 |   4 |  623.8 |
       Dungeon |   2495 |   2400 |     95 |     24 |   1767 |   4 |  623.8 |
               +--------+--------+--------+--------+--------+-----+--------+

Top non-repeatable levels by time:
     D:2: 1216 daAuts
     D:1: 647 daAuts
     D:3: 554 daAuts
     D:4: 76 daAuts
